 Dungeon Crawl Stone Soup version 0.32-a0-42-ga30500b4d3 (webtiles) character file.

Game seed: 11815191861928954052

468 Dirtsage the Changeling (level 7, -2/46 HPs)
             Began as an Octopode Shapeshifter on Jan 27, 2024.
             Killed by divine providence
             ... invoked by an orc priest
              (8 damage)
             ... on level 3 of the Dungeon.
             The game lasted 00:03:42 (2374 turns).

Dirtsage the Changeling (Octopode Shapeshifter)     Turns: 2374, Time: 00:03:43

Health: -2/46      AC:  1    Str: 13    XL:     7   Next: 8%
Magic:  7/7        EV: 14    Int: 12    God:
Gold:   111        SH:  0    Dex: 14    Spells: 6/6 levels left

rFire   + .          .
                       - Unarmed
rCold   . . .        (no shield)
rNeg    . . .        (helmet currently unavailable)
rPois   .            (no amulet)
rElec   .            F - ring of protection from fire
rCorr   +            C - ring of resist corrosion
SInv    .            (no ring)
Will    .....        (no ring)
Stlth   ++           (no ring)
HPRegen 0.27/turn    (no ring)
MPRegen 0.10/turn    (no ring)
                     (no ring)

%: no passive effects
@: beast-form
A: beast (slay +2), almost no armour, amphibious, 8 rings, camouflage 1,
gelatinous body 1, (nimble swimmer 1), tentacles
a: Begin Untransformation


You were on level 3 of the Dungeon.
You were a hulking beast.
You visited 1 branch of the dungeon, and saw 4 of its levels.

You collected 111 gold pieces.

Inventory:

Jewellery
 C - a ring of resist corrosion (right tentacle)
 F - a ring of protection from fire (left tentacle)
Talismans
 b - a beast talisman
 c - a flux talisman
Scrolls
 d - 2 scrolls of amnesia {unknown}
 e - 4 scrolls of identify {unknown}
 g - 2 scrolls of enchant armour {unknown}
 h - 3 scrolls of summoning {unknown}
 i - a scroll of torment {unknown}
 j - 3 scrolls of teleportation {unknown}
 k - a scroll of brand weapon {unknown}
 o - a scroll of silence {unknown}
Potions
 a - a potion of lignification
 f - a potion of heal wounds {unknown}
 l - a potion of curing {unknown}
 m - a potion of might {unknown}
 n - a potion of attraction {unknown}
 p - 2 potions of mutation {unknown}


   Skills:
 + Level 3.2 Fighting
 + Level 3.7 Dodging
 + Level 4.3 Unarmed Combat
 * Level 5.1 Shapeshifting


You had 6 spell levels left.
You didn't know any spells.
Your spell library was empty.

Dungeon Overview and Level Annotations

Branches:
Dungeon (4/15)
 Temple: D:4-7

Altars:

Shops:
D:2 =


Innate Abilities, Weirdness & Mutations

You are a hulking beast.
Your limbs bulge with bestial killing power. (Slay +2)
You cannot wear most types of armour.
You are amphibious.
You can wear up to eight rings at the same time.
Your skin changes colour to match your surroundings (Stealth+).
Your rubbery body absorbs attacks. (AC +1, EV +1)
((You are camouflaged when in or above water. (Stealth+)))
You have tentacles for arms and can constrict up to eight enemies at once.


Message History

Orders for allies: a - Attack new target. r - Retreat! s - Stop attacking. g - Guard the area. f - Follow me.
Anything else - Cancel.
Okay, then.
You start resting.
An orc wizard is nearby!
Things that are here:
a +0 flail; a +0 chain mail; an orc corpse You bludgeon the orc wizard!
Your grab misses the orc wizard. You squeeze the orc wizard.
The orc wizard is severely wounded.
The orc wizard points at you and mumbles some strange words.
The magic dart hits you!
* * * LOW HITPOINT WARNING * * *
You take 7 damage, and have 8/46 hp.
You tentacle-slap the orc wizard.
You kill the orc wizard!
An orc priest comes into view. It is wielding a +0 flail.
You regained 9 hp, and now have 18/46 hp.
The orc priest shouts!
Items here: )) [[ ††.
The orc priest invokes the aid of Beogh against you.
Pain shoots through your body!
You take 4 damage, and have 14/46 hp.
The orc priest hits you with a +0 flail.
* * * LOW HITPOINT WARNING * * *
You take 2 damage, and have 12/46 hp.
You tentacle-slap the orc priest. You grab the orc priest.
The orc priest is heavily wounded.
You constrict the orc priest.
The orc priest hits you with a +0 flail.
* * * LOW HITPOINT WARNING * * *
You take 6 damage, and have 6/46 hp.
You barely miss the orc priest. You squeeze the orc priest.
The orc priest is almost dead.
You constrict the orc priest.
The orc priest mumbles some strange prayers to Beogh against you.
Beogh smites you!
You die...

##...o.....# ####.........)..##
#.........## ######.....))...
#.##.....#######..§§§.###[####.
#.#...............§P.).#..# #.
# #..o...######..#§§§.).>## #.
##.#.#.######...§§§§§.## #.
#...#.....#...##§P§§..##
##..#####..o...###..#..# #..#
#####h.#.#...###.###
#..###......#...### #...###
#.....)#.####...# ###....
##...##).# #.### ..## ###.##)##
.... ... ####.# >.... ###
#####.### # .. # ###
###########


You could see an orc priest.

Vanquished Creatures
  Grinder (D:3)
  A water moccasin skeleton (D:3)
  An orc priest (D:3)
  3 orc wizards (D:3)
  A hound zombie (D:3)
  An adder (D:2)
  An adder skeleton (D:3)
  4 dart slugs
  11 orcs (D:3)
  3 ball pythons
  9 bats
  6 endoplasms
  3 giant cockroaches
  6 goblins
  5 hobgoblins (D:1)
  5 kobolds
  4 quokkas
  3 frilled lizards (D:2)
  A quokka zombie (D:3)
  7 rats
76 creatures vanquished.

Notes
Turn   | Place    | Note
-------+----------+-------------------------------------------
     0 | D:1      | Dirtsage the Octopode Shapeshifter began the quest for the
                  | Orb.
     0 | D:1      | Reached XP level 1. HP: 13/13 MP: 1/1
    87 | D:1      | Reached XP level 2. HP: 18/18 MP: 2/2
   209 | D:1      | Reached XP level 3. HP: 19/23 MP: 3/3
   913 | D:2      | Found Rayfal's Jewellery Shoppe.
  1211 | D:2      | Reached XP level 4. HP: 24/29 MP: 4/4
  1992 | D:3      | Reached skill level 4 in Shapeshifting
  1992 | D:3      | Reached XP level 5. HP: 31/34 MP: 5/5
  2071 | D:3      | Noticed Grinder
  2110 | D:3      | Paralysed by Grinder for 4 turns
  2117 | D:3      | Killed Grinder
  2118 | D:3      | Reached XP level 6. HP: 27/42 MP: 6/6
  2326 | D:3      | Reached skill level 5 in Shapeshifting
  2326 | D:3      | Reached XP level 7. HP: 17/46 MP: 7/7
  2374 | D:3      | Killed from afar by an orc priest

Illustrated notes

Levels and vault maps discovered:
D:1:      dpeg_arrival_rhombus, layout_loops_ring
D:2:      layout_loops_corners, serial_rivers, chequers_serial_rivers_small_b,
          chequers_serial_rivers_room_b, chequers_serial_rivers_small_3,
          chequers_serial_rivers_micro_c, chequers_serial_rivers_large_a,
          serial_shops, nicolae_shop_statue_plus,
          hangedman_abyss_or_decor_lesser_grid
D:3:      minmay_general_purpose_star, layout_rooms,
          gammafunk_temple_overflow_claw, serial_undead, serial_undead_b,
          serial_undead_d, serial_undead_e, serial_undead_f, hex_large,
          uniq_grinder
D:4:      layout_basic, nicolae_uskayaw_murder_on_the_dancefloor,
          amcnicky_mini_rare_corridor_liquid, uniq_menkaure

Skill      XL: |  1  2  3  4  5  6 |
---------------+-------------------+-----
Fighting       | 2 3 |  3.2
Shapeshifting  | 4 5 |  5.1
Dodging        | 3 |  3.7
Unarmed Combat | 4 |  4.3

Action                     |  1- 3 |  4- 6 |  7- 9 || total
---------------------------+-------+-------+-------++-------
  Melee: Unarmed           |    69 |    81 |     6 ||   156
         Constrict         |    18 |    21 |     1 ||    40
         Tentacles         |    13 |    20 |     2 ||    35
         Punch             |       |     1 |       ||     1
   Stab: Sleeping          |     7 |     1 |       ||     8
 Armour: Skin              |    24 |    33 |     4 ||    61
  Dodge: Dodged            |    32 |    60 |     1 ||    93

Table legend: (Time is in decaauts)
 A = Elapsed time spent in this place.
 B = Non-inter-level travel time spent in this place.
 C = Inter-level travel time spent in this place.
 D = Time resting spent in this place.
 E = Time spent auto-exploring this place.
 F = Levels seen in this place.
 G = Mean time per level.
                   A        B        C        D        E       F      G
               +--------+--------+--------+--------+--------+-----+--------+
         Total |   2361 |   2302 |     59 |      3 |   1827 |   4 |  590.2 |
       Dungeon |   2361 |   2302 |     59 |      3 |   1827 |   4 |  590.2 |
               +--------+--------+--------+--------+--------+-----+--------+

Top non-repeatable levels by time:
     D:2: 994 daAuts
     D:1: 820 daAuts
     D:3: 468 daAuts
     D:4: 78 daAuts
